 Dungeon Crawl Stone Soup version 0.21.1-1-g345015f (webtiles) character file.

26 gyp21 the Magician (level 2, -3/20 HPs)
             Began as a Mummy Fire Elementalist on Feb 6, 2018.
             Slain by Terence
             ... wielding a +0 flail
              (9 damage)
             ... on level 2 of the Dungeon.
             The game lasted 00:04:42 (1711 turns).

gyp21 the Magician (Mummy Fire Elementalist)        Turns: 1711, Time: 00:04:43

Health: -3/20      AC:  3    Str: 11    XL:     2   Next: 89%
Magic:  2/6        EV: 12    Int: 14    God:
Gold:   43         SH:  0    Dex: 12    Spells: 6/7 levels left

rFire    x . .     SeeInvis .   (no weapon)
rCold    + . .     Gourm    .   (no shield)
rNeg     + + +     Faith    .   a - +0 robe
rPois    ∞         Spirit   .   (no helmet)
rElec    .         Reflect  .   (no cloak)
rCorr    .         Harm     .   (no gloves)
MR       .....                  f - +0 pair of boots
Stlth    ++........             (no amulet)
HPRegen  0.06/turn              e - -2 ring of slaying (curse)
MPRegen  0.10/turn              (no ring)

@: very slightly contaminated
A: no food or potions, fire vulnerability, cold resistance 1, negative energy
resistance 3, torment resistance, unbreathing
a: no special abilities


You were on level 2 of the Dungeon.
You were not hungry.

You visited 1 branch of the dungeon, and saw 2 of its levels.

You collected 43 gold pieces.

Inventory:

Armour
 a - a +0 robe (worn)
 f - a +0 pair of boots (worn)
Jewellery
 e - a cursed -2 ring of slaying (left hand)
Scrolls
 c - a scroll of noise {unknown}
 d - a scroll of random uselessness {unknown}
 g - a scroll of enchant armour {unknown}
 h - a scroll of remove curse {unknown}
 i - a scroll of identify {unknown}
 j - a scroll of magic mapping {unknown}
 k - a scroll of teleportation {unknown}
Books
 b - a book of Flames

   Spells                             Type                      Level
   a - Flame Tongue                   Conjuration/Fire             1
   b - Throw Flame                    Conjuration/Fire             2
   c - Conjure Flame                  Conjuration/Fire             3
   d - Inner Flame                    Hexes/Fire                   3
   e - Sticky Flame                   Conjuration/Fire             4
   f - Fireball                       Conjuration/Fire             5


   Skills:
 + Level 0.9 Fighting
 + Level 1.9 Dodging
 - Level 1.5 Stealth
 + Level 3.1 Spellcasting
 + Level 1.2 Conjurations
 + Level 2.6 Fire Magic


You had 6 spell levels left.
You knew the following spells:

 Your Spells              Type           Power        Failure   Level  Hunger
a - Flame Tongue          Conj/Fire      #....        10%         1    N/A

Dungeon Overview and Level Annotations

Branches:
Dungeon (2/15)

Altars:

Annotations:
D:2 Terence


Innate Abilities, Weirdness & Mutations

You do not eat or drink.
Your flesh is vulnerable to fire.
You are immune to poison.
Your flesh is cold resistant. (rC+)
You are immune to negative energy. (rN+++)
You are immune to unholy pain and torment.
You can survive without breathing.


Message History

Terence hits you with a flail!
Casting: Flame Tongue
Confirm with . or Enter, or press ? or * to list all spells.
Aiming: Flame Tongue
Press: ? - help, Shift-Dir - straight line, f/p - Terence
Aim: Terence, wielding a flail and wearing a scale mail (moderately wounded)
The flame tongue hits Terence.
Terence is heavily wounded.
Terence shouts, "Get ready for death!"
Terence hits you with a flail!
* * * LOW HITPOINT WARNING * * *
Casting: Flame Tongue
Confirm with . or Enter, or press ? or * to list all spells.
Aiming: Flame Tongue
Press: ? - help, Shift-Dir - straight line, f/p - Terence
Aim: Terence, wielding a flail and wearing a scale mail (heavily wounded)
You miscast Flame Tongue.
You are very lightly contaminated with residual magic.
Heat runs through your body. Terence hits you with a flail!
You die...

#.# #.# #.#
#.# #.# #.##
#####..###
#........#####
#..........@.#
#..####..###@#
#.. #P.# .# #.
#..# .# # #..#
.# .... ..
..... ## .....


You could see Terence.

Vanquished Creatures
  2 worms (D:2)
  A bat (D:1)
  3 hobgoblins (D:1)
  4 jackals (D:1)
  6 kobolds (D:1)
  A frilled lizard (D:2)
  2 goblins (D:2)
  2 rats (D:1)
21 creatures vanquished.

Notes
Turn   | Place    | Note
-------+----------+-------------------------------------------
     0 | D:1      | gyp21 the Mummy Fire Elementalist began the quest for the Orb.
     0 | D:1      | Reached XP level 1. HP: 13/13 MP: 4/4
   225 | D:1      | Reached skill level 1 in Conjurations
   480 | D:1      | Reached XP level 2. HP: 20/20 MP: 3/5
  1075 | D:1      | Reached skill level 3 in Spellcasting
  1707 | D:2      | Noticed Terence
  1711 | D:2      | Slain by Terence

Skill      XL: |  1  2 |
---------------+-------+-----
Conjurations   | 1 |  1.2
Spellcasting   | 3 |  3.1
Fighting       | |  0.9
Dodging        | |  1.9
Stealth        | |  1.5
Fire Magic     | |  2.6

Action                   || total
-------------------------++-------
Melee: Unarmed           ||     1
 Cast: Flame Tongue      ||    46
  Use: Scroll            ||     1
Armor: Robe              ||    16
Dodge: Dodged            ||    39
